Map: [ESL] Alcyone

Players

Reynor - Winner!

  • Race: Zerg Zerg
  • League: Master
  • Spawn Location: 1:00

ShoWTimE

  • Race: Protoss Protoss
  • League: Master
  • Spawn Location: 7:00

Event: HomeStory Cup XXIV

VOD

Have the link to the VOD?

Description

Time

  • Played on: Dec. 3, 2023, 10:13 a.m.
  • Length: 11:01

All games in this series

Show
View Real Time Build Order
Export as new Build Order

Reynor Zerg - Winner!

Build Orders: Hatch First 

Get SALT Encoding   

  12  0:00  Drone  
  13  0:11  Overlord  
  13  0:16  Drone  
  14  0:30  Drone x2  
  16  0:38  Drone  
  17  0:51  Hatchery  
  17  0:54  Drone  
  17  0:58  Drone  
  18  1:08  Extractor  
  17  1:13  Spawning Pool  
  17  1:15  Drone  
  17  1:20  Drone  
  18  1:28  Drone  
  19  1:38  Drone  
  20  1:48  Overlord  
  20  2:00  Queen  
  22  2:03  Queen  
  22  2:04  Drone x2  
  26  2:12  Zergling x2  
  26  2:13  Metabolic Boost  
  26  2:14  Zergling x2  
  28  2:21  Drone  
  29  2:24  Drone  
  30  2:36  Drone  
  31  2:39  Zergling x2  
  31  2:40  Queen  
  34  2:46  Hatchery  
  34  2:51  Overlord  
  33  2:55  Drone x2  
  35  3:08  Queen  
  35  3:09  Drone x2  
  39  3:13  Overlord  
  39  3:14  Zergling x4  
  39  3:15  Zergling x2  
  39  3:18  Drone  
  43  3:22  Drone  
  44  3:28  Overlord  
  44  3:32  Drone  
  45  3:36  Drone  
  45  3:37  Queen  
  48  3:42  Zergling x6  
  48  3:43  Zergling x2  
  48  3:44  Overlord  
  48  3:47  Drone x2  
  54  3:49  Drone  
  54  3:55  Queen  
  57  3:56  Drone  
  57  4:00  Drone x2  
  60  4:07  Spore Crawler, Queen  
  60  4:09  Drone x2  
  62  4:14  Drone  
  63  4:18  Drone x3  
  63  4:21  Spore Crawler  
  63  4:23  Overlord  
  64  4:27  Zergling x6  
  65  4:31  Zergling x6  
  65  4:34  Drone  
  68  4:38  Queen  
  68  4:41  Drone, Spore Crawler  
  68  4:43  Drone  
  72  4:45  Drone  
  72  4:48  Overlord  
  72  4:50  Drone  
  72  4:52  Drone x2  
  75  4:56  Drone x3  
  75  4:58  Drone  
  79  5:02  Evolution Chamber  
  79  5:04  Drone x2  
  80  5:08  Drone  
  80  5:14  Drone x2  
  79  5:15  Drone x2  
  79  5:17  Drone x4  
  82  5:22  Drone x4  
  82  5:26  Lair  
  82  5:27  Extractor  
  83  5:31  Drone x2  
  83  5:32  Overlord  
  84  5:40  Drone x2  
  85  5:43  Extractor, Zerg Missile Weapons Level 1  
  85  5:44  Drone x2, Extractor, Hatchery  
  85  5:47  Drone  
  85  5:48  Drone, Extractor x2  
  84  5:50  Drone x2  
  84  5:52  Drone x2  
  88  5:57  Roach Warren  
  88  6:00  Zergling x8  
  88  6:02  Overlord  
  91  6:04  Overlord  
  91  6:14  Overlord x3  
  91  6:16  Overlord  
  91  6:31  Overlord  
  91  6:37  Zergling x6  
  91  6:39  Glial Reconstitution  
  94  6:41  Roach x9  
  94  6:43  Overlord  
  112  6:48  Roach x6  
  112  6:50  Overlord  
  124  6:55  Roach x2  
  124  6:57  Roach  
  124  6:59  Roach  
  124  7:00  Roach  
  134  7:06  Roach  
  135  7:10  Ravager x2  
  135  7:13  Zergling x4, Roach x2  
  135  7:14  Zergling x2  
  142  7:19  Zergling x12, Roach x2  
  147  7:28  Zergling x2, Roach x2  
  151  7:30  Overlord  
  151  7:33  Ravager x3  
  151  7:35  Roach x2  
  157  7:37  Overlord  
  157  7:40  Ravager x3  
  157  7:41  Zergling x2  
  157  7:42  Overlord  
  157  7:43  Overlord  
  159  7:49  Zergling x10, Roach x2  
  159  7:50  Zergling x2  
  168  7:56  Pneumatized Carapace, Overlord  
  167  7:59  Zergling x10  
  167  8:01  Ravager x4  
  174  8:12  Zergling x22  
  181  8:18  Ravager x4  
  183  8:21  Zergling x8, Roach  
  183  8:22  Zergling x2  
  192  8:27  Zergling x4, Roach x2  
  192  8:33  Zergling x2, Roach x2  
  190  8:35  Roach  
  190  8:38  Zergling x2, Roach x2  
  190  8:42  Zergling x4, Roach x2  
  190  8:46  Zergling x4, Roach x2  
  195  8:53  Zergling x6, Roach x2  
  189  8:57  Roach x3  
  189  8:59  Roach  
  160  9:03  Roach  
  160  9:06  Roach x2  
  157  9:11  Zergling x14, Roach x2  
  157  9:15  Roach  
  161  9:18  Zergling x2  
  161  9:19  Zergling x6  
  144  9:24  Roach  
  144  9:26  Zergling x2  
  144  9:30  Zergling x4  
  145  9:32  Baneling Nest, Roach  
  145  9:35  Ravager x2  
  145  9:36  Zergling x2  
  140  9:39  Zergling x6  
  140  9:42  Zergling x14  
  140  9:43  Zergling x2  
  147  9:46  Zergling x2  
  147  9:48  Zergling x2  
  147  9:49  Zergling x4  
  147  9:52  Zergling x2  
  143  9:53  Zergling x2  
  143  9:56  Zergling x4  
  142  10:02  Roach  
  142  10:04  Roach  
  142  10:06  Zergling x6, Roach x2  
  144  10:09  Roach  
  144  10:10  Roach  
  144  10:11  Zergling x4, Drone, Roach  
  144  10:13  Roach  
  152  10:15  Roach  
  152  10:17  Roach  
  152  10:20  Roach, Ravager  
  147  10:24  Roach  
  147  10:27  Roach  
  144  10:29  Roach x2  
  144  10:37  Zergling x4, Roach x2  
  144  10:39  Zergling x8, Roach x2  
Show
View Real Time Build Order
Export as new Build Order

ShoWTimE Protoss 

Build Orders: 1 Gate Expand, Oracle Opening 

Get SALT Encoding   

  12  0:00  Probe  
  13  0:12  Probe  
  14  0:19  Pylon  
  14  0:24  Probe  
  15  0:37  Probe (Chrono Boost)  
  15  0:39  Gateway  
  16  0:47  Probe (Chrono Boost)  
  16  0:49  Assimilator  
  17  0:52  Probe (Chrono Boost)  
  18  1:04  Probe  
  19  1:16  Probe  
  20  1:25  Nexus  
  20  1:35  Cybernetics Core  
  20  1:39  Probe  
  21  1:44  Assimilator  
  21  1:51  Probe  
  22  1:54  Pylon  
  22  2:02  Probe  
  23  2:10  Probe, Adept (Chrono Boost)  
  26  2:17  Stargate  
  26  2:18  Probe  
  26  2:24  Warp Gate  
  27  2:32  Adept  
  30  2:37  Probe (Chrono Boost)  
  30  2:40  Probe (Chrono Boost)  
  31  2:47  Probe (Chrono Boost)  
  31  2:49  Probe (Chrono Boost)  
  33  2:52  Probe (Chrono Boost)  
  34  2:59  Probe  
  34  3:00  Oracle (Chrono Boost)  
  34  3:04  Probe  
  34  3:05  Stalker  
  41  3:11  Probe  
  42  3:14  Pylon  
  42  3:16  Probe  
  43  3:23  Gateway, Probe  
  44  3:28  Probe  
  44  3:31  Oracle (Chrono Boost)  
  45  3:35  Probe  
  45  3:40  Probe  
  50  3:45  Pylon  
  50  3:48  Probe  
  51  3:52  Probe  
  52  3:57  Nexus  
  52  4:01  Probe  
  53  4:03  Oracle (Chrono Boost)  
  53  4:04  Probe  
  57  4:10  Pylon  
  57  4:12  Assimilator  
  57  4:14  Probe  
  57  4:15  Assimilator  
  58  4:17  Probe  
  58  4:22  Adept  
  61  4:28  Adept  
  61  4:30  Probe x2  
  65  4:36  Pylon  
  65  4:42  Probe x2, Twilight Council, Forge  
  65  4:44  Nexus  
  67  4:54  Probe x2  
  67  4:57  Gateway  
  69  5:00  Gateway  
  69  5:06  Probe x2  
  71  5:09  Gateway  
  68  5:15  Blink (Chrono Boost), Adept x2  
  68  5:17  Protoss Ground Weapons Level 1  
  68  5:18  Probe  
  68  5:19  Probe  
  62  5:31  Probe x2  
  64  5:36  Pylon  
  64  5:38  Pylon  
  64  5:41  Robotics Facility  
  64  5:43  Probe  
  64  5:46  Probe  
  66  5:54  Stalker x3  
  66  5:55  Probe  
  66  5:56  Probe  
  74  6:01  Stalker  
  74  6:02  Probe  
  77  6:04  Shield Battery  
  77  6:08  Stalker  
  79  6:13  Probe  
  79  6:16  Probe x2  
  82  6:20  Assimilator, Stalker x2  
  82  6:22  Stalker  
  82  6:24  Assimilator  
  88  6:29  Photon Cannon  
  88  6:30  Observer  
  89  6:35  Robotics Bay  
  89  6:37  Robotics Facility  
  90  6:40  Probe  
  90  6:47  Stalker x3  
  94  6:51  Pylon  
  94  6:53  Charge  
  96  6:57  Immortal (Chrono Boost)  
  100  7:06  Pylon  
  100  7:10  Stalker x4  
  106  7:23  Nexus  
  112  7:35  Pylon  
  112  7:38  Disruptor (Chrono Boost)  
  112  7:40  Disruptor (Chrono Boost)  
  114  7:45  Photon Cannon  
  114  7:48  Shield Battery  
  114  7:50  Pylon  
  112  7:51  Stalker x2  
  112  7:57  Photon Cannon  
  112  7:58  Protoss Ground Weapons Level 2 (Chrono Boost)  
  116  7:59  Photon Cannon  
  116  8:01  Shield Battery  
  116  8:03  Shield Battery  
  116  8:12  Disruptor (Chrono Boost)  
  118  8:15  Disruptor (Chrono Boost)  
  118  8:18  Stalker x4  
  118  8:19  Stalker  
  125  8:25  Photon Cannon  
  125  8:27  Shield Battery  
  125  8:29  Pylon  
  113  8:41  Stalker  
  113  8:42  Stalker x4  
  113  8:44  Disruptor (Chrono Boost)  
  113  8:46  Disruptor (Chrono Boost)  
  110  9:05  Stalker x5  
  99  9:29  Gateway  
  99  9:31  Stalker x5  
  96  9:33  Gateway  
  96  9:35  Immortal (Chrono Boost)  
  102  9:38  Shield Battery  
  102  9:45  Immortal (Chrono Boost)  
  100  9:46  Shield Battery  
  91  9:55  Zealot x2  
  91  9:56  Stalker  
  91  9:57  Stalker x2  
  100  10:04  Immortal (Chrono Boost)  
  81  10:15  Stalker x2  
  81  10:20  Stalker x2  
  83  10:23  Stalker  
  83  10:26  Stalker  
  83  10:30  Immortal (Chrono Boost)  
  80  10:39  Stalker x2  
  67  10:45  Stalker  
Tags
 
Add a new tag
Caveats
  • Supply blocks, unpowered buildings, or Contaminate may cause inaccurate times.
  • Supply counts are checked every 10 seconds.